 Dungeon Crawl Stone Soup version 0.24-a0-230-g536ed4e33c (webtiles) character file.

Game seed: 12102346556905858919

9 Roikka the Chiller (level 2, -1/22 HPs)
             Began as a Naga Ice Elementalist on Apr 3, 2019.
             Slain by an ooze (3 damage)
             ... on level 1 of the Dungeon.
             The game lasted 00:02:12 (256 turns).

Roikka the Chiller (Naga Ice Elementalist)           Turns: 256, Time: 00:02:12

Health: -1/22      AC:  2    Str: 10    XL:     2   Next: 12%
Magic:  0/5        EV: 10    Int: 15    God:
Gold:   25         SH:  0    Dex: 11    Spells: 4/5 levels left

rFire    . . .     SeeInvis +   (no weapon)
rCold    . . .     Gourm    .   (no shield)
rNeg     . . .     Faith    .   a - +0 robe
rPois    +         Spirit   .   (no helmet)
rElec    .         Reflect  .   (no cloak)
rCorr    .         Harm     .   b - +0 pair of gloves
MR       .....                  (no barding)
Stlth    ++........             (no amulet)
HPRegen  0.07/turn              (no ring)
MPRegen  0.09/turn              (no ring)

@: very slow
A: large, see invisible, deformed body, poison resistance, slowness 2, slow
metabolism 1, spit poison 1, AC +0
a: Spit Poison


You were on level 1 of the Dungeon.
You were not hungry.

You visited 1 branch of the dungeon, and saw 1 of its levels.

You collected 25 gold pieces.

Inventory:

Armour
 a - a +0 robe (worn)
 b - a +0 pair of gloves (worn)
Scrolls
 e - a scroll of identify {unknown}
Potions
 d - a potion of might {unknown}
Comestibles
 c - a ration
 f - a chunk of flesh


   Skills:
 * Level 0.3 Fighting
 - Level 1.5 Dodging
 - Level 3.0 Stealth
 + Level 2.0 Spellcasting
   Level 1.0 Conjurations
 + Level 3.5 Ice Magic


You had 4 spell levels left.
You knew the following spells:

 Your Spells              Type           Power        Failure   Level  Hunger
a - Freeze                Ice            ##..         5%          1    #......

Your spell library contained the following spells:

 Spells                   Type           Power        Failure   Level  Hunger
 Throw Frost              Conj/Ice       #.....       13%         2    ###....
 Ozocubu's Armour         Chrm/Ice       #.......     32%         3    ###....
 Throw Icicle             Conj/Ice       #.......     65%         4    #####..
 Summon Ice Beast         Ice/Summ       #.......     71%         4    #####..


Dungeon Overview and Level Annotations

Branches:
Dungeon (1/15)

Altars:


Innate Abilities, Weirdness & Mutations

You cannot wear boots.
Your serpentine skin is tough. (AC +0)
You have supernaturally acute eyesight. (SInv)
Armour fits poorly on your strangely shaped body.
Your system is resistant to poisons. (rPois)
You cover ground very slowly.
You have a slow metabolism.
You can spit poison.


Message History

You hit the ooze but do no damage.
The ooze is moderately wounded.
The ooze closely misses you.
You barely miss the ooze.
The ooze is moderately wounded.
The ooze hits you.
* * * LOW HITPOINT WARNING * * *
The ooze barely misses you.
Casting: Freeze (safe; 5% risk of failure)
Confirm with . or Enter, or press ? or * to list all spells.
Aiming: Freeze (safe; 5% risk of failure)
Press: ? - help, Shift-Dir - straight line, f - ooze
Aim: an ooze (moderately wounded)
You freeze the ooze.
The ooze is heavily wounded.
The ooze closely misses you.
You hit the ooze.
The ooze is severely wounded.
The ooze hits you.
You die...

#################
#P..#P<.#.(.#...#
#...#...#...#..P#
##'###'###'###'##
###.......÷......P#
#.'.J@............#
######.#...............#
##......##'###'###'###'##
##.......#≈..#...#...#P..#
#........#..P#...#...#...#
#........#################
#..........# #..........#
#..>.......#


You could see an ooze.

Vanquished Creatures
  2 giant cockroaches (D:1)
  A hobgoblin (D:1)
  2 jackals (D:1)
  3 rats (D:1)
8 creatures vanquished.

Notes
Turn   | Place    | Note
-------+----------+-------------------------------------------
     0 | D:1      | Roikka the Naga Ice Elementalist began the quest for the
                  | Orb.
     0 | D:1      | Reached XP level 1. HP: 15/15 MP: 3/3
   233 | D:1      | Reached XP level 2. HP: 13/22 MP: 0/5
   256 | D:1      | Slain by an ooze

Levels and vault maps discovered:
D:1:      dpeg_arrival_prison, layout_rooms

Action                   || total
-------------------------++-------
Melee: Unarmed           ||    27
 Cast: Freeze            ||     9
 Stab: Sleeping          ||     1
Armor: Robe              ||    10
Dodge: Dodged            ||    30

Table legend:
 A = Non-vault XP
 B = Vault XP
 C = Vault XP percentage of total XP
 D = Non-vault monster count
 E = Vault monster count
 F = Vault count percentage of total count
                 A         B        C        D         E       F
            +---------+---------+-------+---------+---------+-------
      Total |       7 |       6 |  46.2 |       4 |       4 |  50.0
            +---------+---------+-------+---------+---------+-------
        D:1 |       7 |       6 |  46.2 |       4 |       4 |  50.0
            +---------+---------+-------+---------+---------+-------
